[Event "Titled Tuesday Blitz August 22 Early 2023"]
[White "Shvedova, Alexandra"]
[Black "Zampronha, Wladimir Camilo"]
[WhiteFideId "54154782"]
[BlackFideId "2103087"]
[WhiteElo "2538"]
[BlackElo "2278"]
[Result "1/2-1/2"]
[Round "3"]
[TimeControl "180+1"]
[Date "2023.08.22"]
[WhiteClock "0:00:31"]
[BlackClock "0:00:13"]
[Board "168"]

1. d4 Nf6 2. Nf3 e6 3. c4 d5 4. Nc3 Bb4 5. Bg5 h6 6. Bxf6 Qxf6 7. cxd5 exd5 8. e3 c5 9. Be2 Nc6 10. O-O Be6 11. Rc1 c4 12. Qa4 Kd8 13. Ne5 Bxc3 14. Nxc6+ bxc6 15. Rxc3 Bd7 16. b3 cxb3 17. Rxb3 Qd6 18. Rc1 Ke7 19. Rb7 Rhb8 20. Qa6 Rxb7 21. Qxb7 Qb8 22. Qa6 Qb2 23. Rf1 Qb6 24. Qa3+ Ke8 25. Qd6 Qb8 26. Qa3 a5 27. Bd3 Qb4 28. Qc1 Rb8 29. Qd1 Qc3 30. e4 Kf8 31. exd5 cxd5 32. Qf3 Be6 33. h3 Rb2 34. a4 Qxd4 35. Bb5 Qc5 36. Qg3 g6 37. Qb8+ Qc8 38. Qe5 Qc2 39. Qh8+ Ke7 40. Qxh6 Qd2 41. Qh4+ Kf8 42. Qd8+ Kg7 43. Qd6 Rc2 44. h4 Rc1 45. h5 Rxf1+ 46. Bxf1 gxh5 47. Qe5+ Kf8 48. Qxh5 Qb4 49. Qh8+ Ke7 50. Qa1 d4 51. Qd1 Bb3 52. Qe2+ Kf8 53. Qg4 Bxa4 54. Qc8+ Kg7 55. Qg4+ Kf8 56. Qc8+ Kg7 57. Qg4+ Kf8 1/2-1/2


[Site "https://www.chess.com"]

[Event "Titled Tuesday Blitz August 22 Early 2023"]
[White "subham777"]
[Black "Slavin, Alexey"]
[BlackFideId "24104388"]
[WhiteElo "2536"]
[BlackElo "2265"]
[Result "1-0"]
[Round "3"]
[TimeControl "180+1"]
[Date "2023.08.22"]
[WhiteClock "0:00:07"]
[BlackClock "0:00:00"]
[Board "169"]

1. e4 Nc6 2. Nf3 d6 3. d4 Nf6 4. Nc3 Bg4 5. Be2 e5 6. Be3 Be7 7. Qd2 O-O 8. O-O-O a6 9. h3 Bh5 10. g4 Bg6 11. Bd3 b5 12. g5 exd4 13. Nxd4 Nxd4 14. Bxd4 b4 15. gxf6 bxc3 16. Bxc3 Bxf6 17. f4 Bxc3 18. Qxc3 f5 19. exf5 Bxf5 20. Rdg1 Qf6 21. Bxf5 Qxc3 22. Be6+ Kh8 23. bxc3 Rxf4 24. Rf1 Raf8 25. Rxf4 Rxf4 26. Bb3 g5 27. Re1 Rf3 28. Re8+ Kg7 29. Re7+ Kg6 30. Be6 Rxc3 31. Kb2 Rc5 32. Bd7 h5 33. Be8+ Kf6 34. Rf7+ Ke5 35. Rg7 Kf4 36. Bxh5 a5 37. c3 Kg3 38. Bg4 Kf4 39. Rf7+ Ke4 40. a4 d5 41. Kb3 d4 42. Re7+ Kd3 43. Be2+ Kd2 44. cxd4 Rc3+ 45. Kb2 Rxh3 46. Bc4 Rh4 47. Re2+ Kd1 48. Kc3 g4 49. Bd3 g3 50. Rg2 Ke1 51. Rxg3 Rh6 52. Rg7 Rc6+ 53. Bc4 Kf2 54. d5 Rc5 55. Kd4 Rxc4+ 56. Kxc4 Ke3 57. Rxc7 1-0


[Site "https://www.chess.com"]

[Event "Titled Tuesday Blitz August 22 Early 2023"]
[White "Vovk, Orest"]
[Black "AndresDelgado77"]
[WhiteFideId "14113490"]
[WhiteElo "2532"]
[BlackElo "2238"]
[Result "1-0"]
[Round "3"]
[TimeControl "180+1"]
[Date "2023.08.22"]
[WhiteClock "0:01:38"]
[BlackClock "0:00:00"]
[Board "170"]

1. g4 d5 2. h3 c6 3. Bg2 h5 4. g5 e5 5. d4 e4 6. c4 Be7 7. h4 Be6 8. Nc3 Na6 9. Qb3 Nb4 10. c5 a5 11. a3 Na6 12. Qxb7 Bxc5 13. dxc5 Ne7 14. Qb6 Qc8 15. Bf4 Ng6 16. Bd6 Kd7 17. e3 Re8 18. Nge2 Nc7 19. Qxc7+ Qxc7 20. Bxc7 Kxc7 21. Nd4 Ne5 22. O-O Reb8 23. Nxe6+ fxe6 24. Na4 Nd3 25. Rfb1 Ra7 26. Bf1 1-0


[Site "https://www.chess.com"]

[Event "Titled Tuesday Blitz August 22 Early 2023"]
[White "Liu, Leonardo"]
[Black "Chyzy, Jakub"]
[WhiteFideId "30965780"]
[BlackFideId "21806209"]
[WhiteElo "2246"]
[BlackElo "2531"]
[Result "0-1"]
[Round "3"]
[TimeControl "180+1"]
[Date "2023.08.22"]
[WhiteClock "0:01:09"]
[BlackClock "0:00:45"]
[Board "171"]

1. e4 Nf6 2. e5 Nd5 3. c4 Nb6 4. d4 d6 5. exd6 exd6 6. Nc3 Be7 7. Be3 O-O 8. b3 Bf6 9. Rc1 Nc6 10. Nf3 Bg4 11. Be2 Re8 12. O-O d5 13. h3 Bxf3 14. Bxf3 dxc4 15. d5 Ne5 16. Bxb6 axb6 17. bxc4 Nxf3+ 18. Qxf3 Bxc3 19. Qxc3 Rxa2 20. Rfe1 h6 21. Re5 Rxe5 22. Qxe5 Qg5 23. Qe8+ Kh7 24. Re1 Qf4 25. Qe4+ Qxe4 26. Rxe4 Rc2 27. Kf1 Kg6 28. g4 f5 29. Re6+ Kg5 30. Re7 Rxc4 31. Rxg7+ Kf6 32. Rh7 fxg4 33. hxg4 Kg6 34. Rd7 b5 35. Kg2 b4 36. Kg3 b3 37. d6 b2 38. Rxc7 b1=Q 39. Rc5 0-1


[Site "https://www.chess.com"]

[Event "Titled Tuesday Blitz August 22 Early 2023"]
[White "BeautiFullMindChess"]
[Black "Portela Peleteiro, Alberto"]
[BlackFideId "22276106"]
[WhiteElo "2238"]
[BlackElo "2530"]
[Result "0-1"]
[Round "3"]
[TimeControl "180+1"]
[Date "2023.08.22"]
[WhiteClock "0:00:00"]
[BlackClock "0:00:42"]
[Board "172"]

1. f4 c5 2. Nf3 Nc6 3. e3 g6 4. b3 Bg7 5. Nc3 Nf6 6. Bb2 O-O 7. Bb5 a6 8. Bxc6 dxc6 9. O-O b5 10. Ne5 Qc7 11. Qf3 Bb7 12. d3 Rad8 13. e4 Nd7 14. Nxd7 Qxd7 15. e5 f6 16. Ne4 Qd5 17. exf6 exf6 18. f5 g5 19. Rad1 Bc8 20. c4 Qf7 21. Nxc5 Rfe8 22. Kh1 h5 23. Qxc6 bxc4 24. dxc4 h4 25. Rxd8 Rxd8 26. Ne6 Re8 27. Re1 h3 28. gxh3 Bb7 29. Qxb7 Qxb7+ 30. Kg1 Qf3 31. c5 Qxh3 32. Rf1 Rxe6 33. fxe6 Qxe6 34. b4 Qg4+ 35. Kf2 Qxb4 36. Bc1 Qxc5+ 37. Be3 Qc2+ 38. Kf3 Qxa2 39. Rc1 Qd5+ 40. Kf2 a5 41. Rc8+ Kf7 42. Rc7+ Kg6 43. Ra7 g4 44. Ke2 Bh6 45. Bxh6 Kxh6 46. Rxa5 Qxa5 0-1


[Site "https://www.chess.com"]

[Event "Titled Tuesday Blitz August 22 Early 2023"]
[White "ZeGood_ZeBad_ZeUgly"]
[Black "Boraso, Alessio"]
[BlackFideId "848077"]
[WhiteElo "2230"]
[BlackElo "2529"]
[Result "1-0"]
[Round "3"]
[TimeControl "180+1"]
[Date "2023.08.22"]
[WhiteClock "0:00:08"]
[BlackClock "0:00:00"]
[Board "173"]

1. e4 c5 2. Nf3 a6 3. c4 Nc6 4. d4 cxd4 5. Nxd4 e6 6. Nc3 Nf6 7. Nxc6 dxc6 8. Qxd8+ Kxd8 9. e5 Nd7 10. Bf4 b5 11. O-O-O Kc7 12. Ne4 Nc5 13. Nd6 Bxd6 14. exd6+ Kd7 15. Be3 Ne4 16. g4 Bb7 17. f3 Nf6 18. g5 Nh5 19. c5 a5 20. f4 g6 21. Be2 Ng7 22. Bd4 Rhg8 23. Bg4 b4 24. h4 Ba6 25. h5 gxh5 26. Bxh5 Nxh5 27. Rxh5 Be2 28. Rxh7 Raf8 29. Re1 Bd3 30. Rh6 Bg6 31. Bf6 Rb8 32. b3 Ra8 33. Kb2 Ra6 34. Rh8 Raa8 35. Rxg8 Rxg8 36. Rh1 Ra8 37. Rh8 1-0


[Site "https://www.chess.com"]

[Event "Titled Tuesday Blitz August 22 Early 2023"]
[White "Clawitter, Craig"]
[Black "Lehtosaari, Mauri"]
[WhiteFideId "2023105"]
[BlackFideId "501999"]
[WhiteElo "2222"]
[BlackElo "2526"]
[Result "0-1"]
[Round "3"]
[TimeControl "180+1"]
[Date "2023.08.22"]
[WhiteClock "0:00:04"]
[BlackClock "0:00:45"]
[Board "174"]

1. e4 d5 2. exd5 Qxd5 3. Nc3 Qd8 4. d4 Nf6 5. Nf3 Bg4 6. h3 Bxf3 7. Qxf3 c6 8. g4 e6 9. g5 Nd5 10. Ne4 b5 11. Bd2 Nd7 12. h4 N7b6 13. h5 Qd7 14. g6 hxg6 15. hxg6 Rxh1 16. gxf7+ Qxf7 17. Qxh1 O-O-O 18. O-O-O Nc4 19. Bxc4 bxc4 20. Qf1 Nb6 21. Ba5 Qf4+ 22. Nd2 Rxd4 23. Bc3 Rd7 24. Qe2 Nd5 25. Qxe6 Nxc3 26. Qxc6+ Kd8 27. bxc3 Ba3+ 28. Kb1 Qb8+ 0-1


[Site "https://www.chess.com"]

[Event "Titled Tuesday Blitz August 22 Early 2023"]
[White "Balint, Vilmos"]
[Black "Lima, Kleyton Alcantara"]
[WhiteFideId "718050"]
[BlackFideId "22718397"]
[WhiteElo "2222"]
[BlackElo "2525"]
[Result "1-0"]
[Round "3"]
[TimeControl "180+1"]
[Date "2023.08.22"]
[WhiteClock "0:00:41"]
[BlackClock "0:00:54"]
[Board "175"]

1. e4 c5 2. Nf3 d6 3. d4 cxd4 4. Nxd4 Nf6 5. f3 e5 6. Nb3 Be6 7. Be3 a6 8. Bd3 b5 9. O-O Nbd7 10. a4 b4 11. c3 bxc3 12. Nxc3 Be7 13. Nd2 O-O 14. Qe2 Qb8 15. Nc4 Qb7 16. Na5 Qc8 17. Rfc1 Nc5 18. b4 Nxd3 19. Qxd3 Qd7 20. Nd5 Nxd5 21. exd5 Bf5 22. Qd2 Rfc8 23. Nc6 Bf8 24. b5 axb5 25. axb5 Rxa1 26. Rxa1 Qb7 27. b6 Ra8 28. Ra7 Rxa7 29. bxa7 g6 30. Qb4 Qa6 31. Qa5 Qe2 32. Bf2 Bd3 33. Qe1 Qa2 34. Qd1 Bc4 35. Bb6 Bxd5 36. Nb4 Qa6 37. Nxa6 1-0


[Site "https://www.chess.com"]

[Event "Titled Tuesday Blitz August 22 Early 2023"]
[White "ArtemDyachuk"]
[Black "Sailer, Mike"]
[BlackFideId "2012901"]
[WhiteElo "2524"]
[BlackElo "2221"]
[Result "1-0"]
[Round "3"]
[TimeControl "180+1"]
[Date "2023.08.22"]
[WhiteClock "0:01:06"]
[BlackClock "0:00:00"]
[Board "176"]

1. e4 d5 2. exd5 Qxd5 3. Nc3 Qd6 4. d4 c6 5. g3 Nf6 6. Bg2 Bf5 7. Nf3 e6 8. O-O Nbd7 9. Bf4 Qb4 10. Rb1 Be7 11. a3 Qa5 12. b4 Qd8 13. b5 O-O 14. Rb3 Nd5 15. Bd2 Nxc3 16. Bxc3 Nb6 17. bxc6 bxc6 18. Ne5 Rc8 19. Nxc6 Qc7 20. Nxe7+ Qxe7 21. Bb4 Qd7 22. Bxf8 Bxc2 23. Qg4 f5 24. Qf3 Bxb3 25. Qxb3 Rxf8 26. Re1 Nd5 27. Rxe6 Qxe6 28. Bxd5 1-0


[Site "https://www.chess.com"]

[Event "Titled Tuesday Blitz August 22 Early 2023"]
[White "Andreassen, Lars"]
[Black "Badelka, Olga"]
[WhiteFideId "1504878"]
[BlackFideId "13509926"]
[WhiteElo "2221"]
[BlackElo "2524"]
[Result "0-1"]
[Round "3"]
[TimeControl "180+1"]
[Date "2023.08.22"]
[WhiteClock "0:00:13"]
[BlackClock "0:00:18"]
[Board "177"]

1. d4 d5 2. Nf3 Nf6 3. c4 dxc4 4. Nc3 a6 5. e4 b5 6. e5 Nd5 7. a4 Bb7 8. e6 f6 9. g3 Nxc3 10. bxc3 Qd5 11. Bg2 Qxe6+ 12. Be3 Nd7 13. O-O c6 14. Re1 Qf7 15. axb5 axb5 16. Rxa8+ Bxa8 17. Qa1 Bb7 18. Qa7 Bc8 19. Qc7 Ba6 20. Ng5 fxg5 21. Bxc6 Qf5 22. Ra1 b4 23. Rxa6 b3 24. Ra8+ Kf7 25. Bxd7 Qb1+ 26. Kg2 Qe4+ 27. Kg1 Qxa8 28. Bxg5 Qe4 29. Bc6 Qf5 30. Bf4 b2 31. Qb7 b1=Q+ 32. Kg2 Qxb7 33. Bxb7 g5 0-1


[Site "https://www.chess.com"]

[Event "Titled Tuesday Blitz August 22 Early 2023"]
[White "Pert, Nina"]
[Black "Martin Carmona, Gaston Manuel"]
[WhiteFideId "456853"]
[BlackFideId "22284567"]
[WhiteElo "2211"]
[BlackElo "2522"]
[Result "0-1"]
[Round "3"]
[TimeControl "180+1"]
[Date "2023.08.22"]
[WhiteClock "0:00:11"]
[BlackClock "0:01:24"]
[Board "178"]

1. e4 c5 2. Nf3 d6 3. d4 cxd4 4. Nxd4 Nf6 5. Nc3 g6 6. f3 Bg7 7. Be3 Nc6 8. Qd2 O-O 9. O-O-O Nxd4 10. Bxd4 Be6 11. Kb1 Qc7 12. h4 Rfc8 13. h5 Qa5 14. a3 Rab8 15. hxg6 hxg6 16. g4 b5 17. g5 Nh5 18. Bxg7 Kxg7 19. Qd4+ Kg8 20. Nd5 Bxd5 21. Qxd5 Qa4 22. Rh2 b4 23. Rd4 Nf4 24. Qa2 e5 25. Rxd6 Rxc2 26. Ra6 Rc1+ 27. Kxc1 Rc8+ 28. Bc4 b3 29. Qb1 Qxc4+ 30. Kd1 Qf1+ 0-1


[Site "https://www.chess.com"]

[Event "Titled Tuesday Blitz August 22 Early 2023"]
[White "Estrada Nieto, Julian"]
[Black "Francisco_Ferrari"]
[WhiteFideId "5101018"]
[WhiteElo "2519"]
[BlackElo "2197"]
[Result "1-0"]
[Round "3"]
[TimeControl "180+1"]
[Date "2023.08.22"]
[WhiteClock "0:00:13"]
[BlackClock "0:00:00"]
[Board "179"]

1. e4 c5 2. Nf3 d6 3. d4 cxd4 4. Qxd4 Nf6 5. Nc3 Nc6 6. Bb5 Bd7 7. Bxc6 Bxc6 8. Bg5 e6 9. O-O-O Be7 10. Rhe1 Qc7 11. Kb1 a6 12. Qd2 h6 13. Bh4 g5 14. Bg3 O-O-O 15. Nd4 Nh5 16. Nxc6 Qxc6 17. Qe2 Nxg3 18. hxg3 Bf6 19. Rd3 Kb8 20. Red1 Rd7 21. f4 Rhd8 22. a3 d5 23. exd5 exd5 24. Qf3 Bxc3 25. Rxc3 Qf6 26. Rcd3 Rd6 27. Rd4 Qe6 28. R1d3 f6 29. Qd1 Kc7 30. Rc3+ Kb8 31. Rcd3 Kc7 32. Ka1 h5 33. Qd2 Qf5 34. Qa5+ Kb8 35. c4 gxf4 36. gxf4 Qg4 37. g3 Qe2 38. Rxd5 Rxd5 39. Rxd5 Qf1+ 40. Ka2 Qxc4+ 41. b3 Qxd5 42. Qc3 Qg2+ 43. Qb2 Rd1 44. Qxg2 1-0


[Site "https://www.chess.com"]

[Event "Titled Tuesday Blitz August 22 Early 2023"]
[White "Flis, Pawel"]
[Black "ATM622"]
[WhiteFideId "1112864"]
[WhiteElo "2143"]
[BlackElo "2518"]
[Result "0-1"]
[Round "3"]
[TimeControl "180+1"]
[Date "2023.08.22"]
[WhiteClock "0:00:00"]
[BlackClock "0:00:03"]
[Board "180"]

1. e4 c6 2. d4 d5 3. exd5 cxd5 4. c4 e6 5. Nf3 Nf6 6. Nc3 Nc6 7. Bd3 dxc4 8. Bxc4 Be7 9. O-O O-O 10. Bg5 a6 11. a4 b6 12. Re1 Bb7 13. Rc1 Rc8 14. Qe2 Nb4 15. Red1 Bxf3 16. gxf3 Nh5 17. Be3 Bg5 18. Ne4 Nf4 19. Qd2 Rxc4 20. Rxc4 Nbd5 21. Kh1 Bh6 22. Rg1 Qh4 23. Rg4 Qh3 24. Qd1 Nxe3 25. fxe3 Nd5 26. Rg3 Qh4 27. Rg4 Qe7 28. Qg1 Nxe3 29. Rxg7+ Bxg7 30. Qxe3 f5 31. Qg5 Qb7 32. Ng3 Qxf3+ 33. Kg1 Qd1+ 34. Kg2 Kh8 35. Rc7 Qxd4 36. Nh5 Rg8 0-1


[Site "https://www.chess.com"]

[Event "Titled Tuesday Blitz August 22 Early 2023"]
[White "Perez, Maximiliano"]
[Black "Feliz Dotel, Dewar Bienvenido"]
[WhiteFideId "117234"]
[BlackFideId "6402801"]
[WhiteElo "2518"]
[BlackElo "2135"]
[Result "1-0"]
[Round "3"]
[TimeControl "180+1"]
[Date "2023.08.22"]
[WhiteClock "0:00:20"]
[BlackClock "0:00:01"]
[Board "181"]

1. e4 e5 2. f4 exf4 3. Bc4 Qh4+ 4. Kf1 g5 5. Nf3 Qh6 6. d4 d6 7. h4 g4 8. Ng5 Be6 9. Bd3 Qg7 10. Bxf4 h6 11. Nxe6 fxe6 12. e5 Nc6 13. Bb5 Ne7 14. Nc3 Ng6 15. Bg3 dxe5 16. d5 exd5 17. Qxd5 Qf7+ 18. Qxf7+ Kxf7 19. Kf2 Bc5+ 20. Ke1 Nf4 21. Rf1 Rhe8 22. Bxc6 bxc6 23. Ne2 Be3 24. Rd1 Re7 25. Rd3 Bb6 26. Bxf4 exf4 27. Rxf4+ Kg7 28. Rxg4+ Kh7 29. Kd2 Rae8 30. Ng3 Be3+ 31. Kc3 Bf2 32. Nf5 Be1+ 33. Kc4 Re4+ 34. Rxe4 Rxe4+ 35. Kb3 Rb4+ 36. Ka3 Kg6 37. Ne7+ Kh5 38. Nxc6 Rxh4 39. Nxa7 Rg4 40. Nb5 c6 41. Nd4 Rxg2 42. c3 c5 43. Nf3 Rg4 44. Nxe1 c4 45. Rh3+ Rh4 46. Rg3 Rg4 47. Rf3 Kg5 48. b4 Re4 49. Ng2 Rg4 50. Ne3 Rf4 51. Rh3 Rh4 52. Rxh4 Kxh4 53. Nf5+ Kg5 54. Nxh6 Kxh6 55. b5 Kg7 56. Kb4 Kf7 57. Kc5 Ke7 58. Kb6 Kd8 59. Ka7 1-0


[Site "https://www.chess.com"]

[Event "Titled Tuesday Blitz August 22 Early 2023"]
[White "Latreche, Khadidja"]
[Black "Kovalevsky, Stanislav"]
[WhiteFideId "7901780"]
[BlackFideId "13508598"]
[WhiteElo "2101"]
[BlackElo "2518"]
[Result "0-1"]
[Round "3"]
[TimeControl "180+1"]
[Date "2023.08.22"]
[WhiteClock "0:00:36"]
[BlackClock "0:01:34"]
[Board "182"]

1. e4 c6 2. d4 d5 3. e5 c5 4. dxc5 e6 5. Be3 Nc6 6. Bb5 Bd7 7. Bxc6 Bxc6 8. c3 d4 9. cxd4 Bxg2 10. f3 Bxh1 11. Qa4+ Qd7 12. Qxd7+ Kxd7 13. Kf2 Be7 14. Nd2 Bh4+ 15. Kf1 g5 16. h3 h5 17. Ne2 g4 18. Ng1 Ne7 19. Ne4 Bxf3 20. Nxf3 gxf3 21. b4 Nd5 22. Bd2 Rhg8 23. b5 Rg2 24. Rc1 Rxd2 25. Nxd2 Ne3+ 26. Kg1 Rg8+ 27. Kh1 Rg3 28. c6+ bxc6 29. bxc6+ Kc7 0-1


[Site "https://www.chess.com"]

[Event "Titled Tuesday Blitz August 22 Early 2023"]
[White "Glavina, Pablo"]
[Black "Hartikainen, Jarmo"]
[WhiteFideId "100234"]
[BlackFideId "503134"]
[WhiteElo "2514"]
[BlackElo "2111"]
[Result "1-0"]
[Round "3"]
[TimeControl "180+1"]
[Date "2023.08.22"]
[WhiteClock "0:01:18"]
[BlackClock "0:00:16"]
[Board "183"]

1. c4 e5 2. Nc3 Nf6 3. Nf3 Nc6 4. g3 Be7 5. Bg2 O-O 6. O-O d5 7. cxd5 Nxd5 8. Nxe5 Nxc3 9. Nxc6 Nxd1 10. Nxd8 Nxf2 11. Nxb7 Nh3+ 12. Kh1 Rb8 13. Na5 Bf6 14. d4 Rb5 15. Nc6 Re8 16. e4 Bg5 17. b3 Bxc1 18. Raxc1 Bg4 19. Ne5 h5 20. Nxf7 a5 21. Ne5 a4 22. Rxc7 axb3 23. Rff7 bxa2 24. Rxg7+ Kh8 25. Ng6# 1-0


[Site "https://www.chess.com"]

[Event "Titled Tuesday Blitz August 22 Early 2023"]
[White "Chen, Minda"]
[Black "Dinosaurio_1975"]
[WhiteFideId "30937000"]
[WhiteElo "2070"]
[BlackElo "2513"]
[Result "0-1"]
[Round "3"]
[TimeControl "180+1"]
[Date "2023.08.22"]
[WhiteClock "0:00:09"]
[BlackClock "0:01:22"]
[Board "184"]

1. d4 d5 2. c4 e6 3. Nc3 Nf6 4. Nf3 a6 5. cxd5 exd5 6. Bg5 Be6 7. e3 Nbd7 8. Bd3 Bd6 9. O-O c6 10. a3 Qc7 11. b4 O-O 12. Qb3 Bg4 13. Nd2 Bxh2+ 14. Kh1 Bd6 15. Rac1 h6 16. Bxf6 Nxf6 17. b5 Qd7 18. a4 Bh3 19. Ne2 Qg4 20. Ng3 Bxg3 21. fxg3 Qxg3 22. gxh3 Qxh3+ 23. Kg1 Qxe3+ 24. Rf2 Ng4 25. Rf1 axb5 26. axb5 Qxd4 27. Kg2 Nxf2 28. Rxf2 Qg4+ 29. Kh1 Ra1+ 30. Nf1 cxb5 31. Qxb5 Qh3+ 32. Kg1 Rd1 33. Bc2 Rd4 34. Rg2 Rh4 35. Qxd5 Qh1+ 36. Kf2 Rf4+ 37. Kg3 Qh4# 0-1


[Site "https://www.chess.com"]

[Event "Titled Tuesday Blitz August 22 Early 2023"]
[White "Yurasova, Daria"]
[Black "abelmat"]
[WhiteFideId "34146919"]
[WhiteElo "2513"]
[BlackElo "1916"]
[Result "1-0"]
[Round "3"]
[TimeControl "180+1"]
[Date "2023.08.22"]
[WhiteClock "0:01:28"]
[BlackClock "0:00:38"]
[Board "185"]

1. d4 d5 2. Nf3 e6 3. Bf4 Bd6 4. Bg3 Nf6 5. e3 O-O 6. Bd3 b6 7. c3 Bb7 8. Nbd2 c5 9. O-O Ne4 10. Bxe4 dxe4 11. Ne5 Bxe5 12. Bxe5 cxd4 13. cxd4 Nc6 14. Bg3 Ne7 15. Rc1 Rc8 16. Qb3 Bd5 17. Qa3 Qd7 18. Qd6 Qxd6 19. Bxd6 Rfe8 20. Bxe7 Rxc1 21. Rxc1 f6 22. Ba3 Re7 23. Bxe7 1-0


[Site "https://www.chess.com"]

[Event "Titled Tuesday Blitz August 22 Early 2023"]
[White "Kupervaser, Erez"]
[Black "elcala"]
[WhiteFideId "2814587"]
[WhiteElo "2404"]
[BlackElo "1701"]
[Result "1-0"]
[Round "3"]
[TimeControl "180+1"]
[Date "2023.08.22"]
[WhiteClock "0:02:09"]
[BlackClock "0:01:07"]
[Board "186"]

1. e4 d5 2. exd5 Qxd5 3. Nc3 Qd6 4. d4 Nf6 5. Nf3 Bg4 6. g3 a6 7. Bg2 Nc6 8. h3 Bh5 9. Bf4 Qd7 10. g4 Bg6 11. Ne5 Qe6 12. d5 Nxd5 13. Bxd5 Rd8 14. Bxe6 Rxd1+ 15. Rxd1 fxe6 16. Nxc6 bxc6 17. Bxc7 Kf7 18. Rd8 Bxc2 19. Be5 h5 20. f3 hxg4 21. fxg4 Bd3 22. Rxd3 1-0


[Site "https://www.chess.com"]

[Event "Titled Tuesday Blitz August 22 Early 2023"]
[White "Skiadopoulos, Nikolaos"]
[Black "Shuvalova, Polina"]
[WhiteFideId "4200772"]
[BlackFideId "24171760"]
[WhiteElo "1814"]
[BlackElo "2650"]
[Result "0-1"]
[Round "3"]
[TimeControl "180+1"]
[Date "2023.08.22"]
[WhiteClock "0:00:00"]
[BlackClock "0:01:02"]
[Board "187"]

1. b4 e6 2. Bb2 Nf6 3. b5 a6 4. a4 axb5 5. axb5 Rxa1 6. Bxa1 d5 7. Nf3 Be7 8. e3 O-O 9. Be2 c5 10. bxc6 bxc6 11. c4 c5 12. d4 cxd4 13. Bxd4 Nc6 14. cxd5 Nxd4 15. Nxd4 Qa5+ 16. Nd2 Nxd5 17. Nc6 Qc7 18. Nxe7+ Qxe7 19. Qb3 Bd7 20. O-O Rc8 21. Nf3 h6 22. Bc4 Nf6 23. Ne5 Be8 24. Rc1 Qc7 25. f4 Qc5 26. Re1 Qa5 27. Kf1 Ne4 28. Qd3 Nd2+ 29. Kf2 Nxc4 30. Nxc4 Qa2+ 31. Nd2 Rc2 32. Re2 Rb2 33. Kf3 Qa8+ 34. e4 Bc6 35. Re3 Qa5 36. Ke2 Bb5 0-1


[Site "https://www.chess.com"]

[Event "Titled Tuesday Blitz August 22 Early 2023"]
[White "Moral Garcia, Serafin"]
[Black "Fernandez Garcia, Gumersindo"]
[WhiteFideId "2201925"]
[BlackFideId "24516740"]
[WhiteElo "2542"]
[BlackElo "2404"]
[Result "0-1"]
[Round "3"]
[TimeControl "180+1"]
[Date "2023.08.22"]
[WhiteClock "0:00:13"]
[BlackClock "0:00:20"]
[Board "188"]

1. e4 c5 2. Nf3 e6 3. c3 d5 4. exd5 Qxd5 5. d4 Nf6 6. a3 Nc6 7. Be3 cxd4 8. cxd4 Qa5+ 9. Nc3 Be7 10. Bd3 O-O 11. O-O Rd8 12. Qe2 Qh5 13. Rad1 b6 14. Bb1 Bb7 15. Rfe1 Rac8 16. h3 Bd6 17. Qd3 Bb8 18. Ne4 Nxe4 19. Qxe4 Na5 20. Qg4 Qxg4 21. hxg4 Nc4 22. Bc1 h6 23. b3 Na5 24. Rd3 Be4 25. Rxe4 Rxc1+ 26. Re1 Rdc8 27. Rdd1 Nxb3 28. Rxc1 Rxc1 29. Rxc1 Nxc1 30. Be4 Bd6 31. a4 Kf8 32. Kf1 Nb3 33. Ke2 Ke7 34. Kd3 Na5 35. Nd2 Kd7 36. Nc4 Nc6 37. g3 g6 38. Bg2 Nb4+ 39. Kc3 Nd5+ 40. Kd3 Nf6 41. f3 Nd5 42. Bf1 f5 43. gxf5 exf5 44. g4 fxg4 45. fxg4 h5 46. gxh5 gxh5 47. Bh3+ Ke7 48. Bc8 h4 49. Ke4 Nc3+ 50. Kf5 Nxa4 51. Kg4 Bg3 52. d5 Nc3 53. d6+ Bxd6 54. Kxh4 b5 55. Nd2 a5 56. Kg4 a4 57. Kf3 Bc5 58. Ne4 Nxe4 59. Kxe4 a3 0-1


[Site "https://www.chess.com"]

[Event "Titled Tuesday Blitz August 22 Early 2023"]
[White "Hajiyev, Kanan"]
[Black "Topalov, Aleksandar"]
[WhiteFideId "13404148"]
[BlackFideId "925659"]
[WhiteElo "2511"]
[BlackElo "2358"]
[Result "1-0"]
[Round "3"]
[TimeControl "180+1"]
[Date "2023.08.22"]
[WhiteClock "0:00:11"]
[BlackClock "0:00:00"]
[Board "189"]

1. d4 e6 2. c4 f5 3. g3 Nf6 4. Bg2 Be7 5. Nd2 O-O 6. Ngf3 Nc6 7. O-O d6 8. b3 e5 9. Bb2 e4 10. Ne1 d5 11. Nc2 Be6 12. a3 Qd7 13. e3 Na5 14. cxd5 Nxd5 15. b4 Nc6 16. Qe2 Bd6 17. Nc4 Nce7 18. Ne5 Qe8 19. b5 a6 20. a4 Bd7 21. Nxd7 Qxd7 22. Ba3 c6 23. Bxd6 Qxd6 24. Qc4 Kh8 25. Rfb1 cxb5 26. axb5 Rfc8 27. Qb3 Nc3 28. Qb4 Qxb4 29. Rxb4 Nxb5 30. Rb2 Nd5 31. g4 g6 32. Kf1 Rc7 33. Rxb5 axb5 34. Rxa8+ Kg7 35. Ra2 b4 36. Rb2 Rc3 37. Nxb4 Rc1+ 38. Ke2 1-0


[Site "https://www.chess.com"]

[Event "Titled Tuesday Blitz August 22 Early 2023"]
[White "Lopez Del Alamo, Antonio"]
[Black "Ocido, Michael"]
[WhiteFideId "2227339"]
[BlackFideId "115201920"]
[WhiteElo "2340"]
[BlackElo "2492"]
[Result "0-1"]
[Round "3"]
[TimeControl "180+1"]
[Date "2023.08.22"]
[WhiteClock "0:01:23"]
[BlackClock "0:01:12"]
[Board "190"]

1. e4 c6 2. d4 d5 3. exd5 cxd5 4. Bd3 Nc6 5. c3 Qc7 6. h3 e6 7. Nf3 Bd6 8. O-O Nge7 9. Re1 f6 10. Nbd2 O-O 11. Nf1 e5 12. Bc2 e4 13. N3d2 f5 14. Bb3 Be6 15. Ne3 f4 16. Ng4 h5 17. Nh2 f3 18. Nhf1 fxg2 19. Kxg2 Bxh3+ 20. Kxh3 Rxf2 21. Nxe4 Qd7+ 22. Kh4 Ng6+ 23. Kxh5 Qh3+ 24. Kxg6 Qf5# 0-1


[Site "https://www.chess.com"]

[Event "Titled Tuesday Blitz August 22 Early 2023"]
[White "Shapiro, Daniel"]
[Black "szachmistrz2500"]
[WhiteFideId "2001780"]
[WhiteElo "2304"]
[BlackElo "2484"]
[Result "0-1"]
[Round "3"]
[TimeControl "180+1"]
[Date "2023.08.22"]
[WhiteClock "0:00:04"]
[BlackClock "0:01:54"]
[Board "191"]

1. d4 Nf6 2. c4 g6 3. Nc3 Bg7 4. e4 d6 5. Be2 Nbd7 6. Nf3 e5 7. d5 Nc5 8. Nd2 a5 9. a3 a4 10. O-O O-O 11. Qc2 Bd7 12. b4 axb3 13. Nxb3 Na4 14. Nb5 Ne8 15. Rd1 b6 16. Be3 f5 17. f3 f4 18. Bf2 g5 19. Nc1 h5 20. h3 g4 21. hxg4 hxg4 22. fxg4 Qg5 23. Rd3 Bxg4 24. Bxg4 Qxg4 25. Qe2 Qg5 26. Rh3 Rf7 27. Rb1 Nf6 28. Rbb3 Ng4 29. Bh4 Qg6 30. Rbf3 Nc5 31. g3 Nxe4 32. gxf4 Ngf2+ 33. Kf1 Nxh3 34. Rxh3 Rxf4+ 0-1


[Site "https://www.chess.com"]